 Dungeon Crawl Stone Soup version 0.26.1-2-gb8aa6d0cf2 (webtiles) character file.

Game seed: 7198400491857526893

1616 fasterman420 the Cleaver (level 8, -2/68 HPs)
             Began as a Minotaur Fighter on Feb 24, 2021.
             Was a Believer of Makhleb.
             Slain by a slime creature (15 damage)
             ... on level 7 of the Dungeon.
             The game lasted 00:31:22 (5201 turns).

fasterman420 the Cleaver (Minotaur Fighter)         Turns: 5201, Time: 00:31:23

Health: -2/68      AC: 10    Str: 24    XL:     8   Next: 64%
Magic:  7/7        EV:  5    Int:  5    God:    Makhleb [**....]
Gold:   285        SH: 10    Dex:  9    Spells: 7/7 levels left

rFire    . . .     SeeInvis .   a - +5 war axe
rCold    . . .     Faith    .   c - +0 kite shield
rNeg     . . .     Spirit   .   g - +0 plate armour
rPois    +         Reflect  .   (helmet restricted)
rElec    .         Harm     .   i - +0 cloak
rCorr    .         Rampage  .   (no gloves)
Will     .....                  (no boots)
Stlth    ..........             (no amulet)
HPRegen  0.21/turn              x - ring of poison resistance
MPRegen  0.10/turn              (no ring)

@: corroded
A: retaliatory headbutt, horns 2
a: Renounce Religion, Minor Destruction


You were on level 7 of the Dungeon.
You worshipped Makhleb.
Makhleb was pleased with you.
You visited 2 branches of the dungeon, and saw 8 of its levels.
You also visited: Ossuary.

You collected 285 gold pieces.

Inventory:

Hand Weapons
 a - a +5 war axe (weapon)
 C - the +3 war axe "Sarcophage" {vorpal, Dex+2, unknown}
   (You found it on level 6 of the Dungeon)

   It inflicts extra damage upon your enemies.
   It affects your dexterity (+2).
Armour
 c - a +0 kite shield (worn)
 g - a +0 plate armour (worn)
 i - a +0 cloak (worn)
Jewellery
 t - an uncursed ring of ice
 x - a ring of poison resistance (left hand)
Wands
 m - a wand of polymorph (6)
Scrolls
 f - a scroll of enchant weapon
 h - 2 scrolls of remove curse
 j - a scroll of blinking {unknown}
 l - a scroll of immolation {unknown}
 p - a scroll of random uselessness {unknown}
 s - a scroll of enchant armour {unknown}
 u - a scroll of noise {unknown}
 v - 4 scrolls of teleportation
 y - a scroll of identify
 A - a scroll of fear {unknown}
Potions
 b - 3 potions of mutation {unknown}
 d - 4 potions of might
 e - a potion of ambrosia
 k - a potion of flight {unknown}
 n - 3 potions of resistance {unknown}
 o - a potion of heal wounds
 q - 3 potions of brilliance {unknown}
 r - a potion of lignification {unknown}
 w - 2 potions of magic {unknown}
 z - a potion of berserk rage {unknown}
 B - 3 potions of curing
 D - a potion of haste {unknown}


   Skills:
 + Level 5.1 Fighting
 * Level 10.5 Axes
 + Level 6.0 Armour
 + Level 0.8 Dodging
 + Level 0.9 Stealth
 + Level 5.9 Shields


You had 7 spell levels left.
You didn't know any spells.
Your spell library was empty.

Dungeon Overview and Level Annotations

Branches:
Dungeon (7/15)             Temple (1/1) D:4         Ossuary (visited)

Altars:
Ashenzari
Cheibriados
Dithmenos
Elyvilon
Fedhas
Gozag
Hepliaklqana
Kikubaaqudgha
Makhleb
Nemelex Xobeh
Okawaru
Qazlal
Ru
Sif Muna
Trog
Uskayaw
Vehumet
Wu Jian
Xom
Yredelemnul
Zin
The Shining One


Innate Abilities, Weirdness & Mutations

You reflexively headbutt those who attack you in melee.
You have a pair of horns on your head.


Message History

You slash the jelly! The acid corrodes you!
Your hands burn!
You hit the slime creature.
A nearby toadstool withers and dies.
The ooze hits the fungus.
The fungus begins to die.
The jelly barely misses you.
The slime creature barely misses you. x2
You hit the slime creature. You headbutt the slime creature.
The slime creature is heavily wounded.
You hit the slime creature. You completely miss the jelly.
The ooze hits the fungus.
The ooze jiggles.
The jelly hits you but does no damage. The slime creature hits you!
You slash the slime creature! You headbutt the slime creature!
The slime creature is severely wounded.
Your shield and plate armour prevent you from hitting the slime creature.
You slash the jelly!
Your hands burn!
* * * LOW HITPOINT WARNING * * *
A nearby toadstool withers and dies.
The slime creature hits you!
* * * LOW HITPOINT WARNING * * *
The ooze hits the fungus.
The fungus begins to die.
The ooze hits the fungus.
The slime creature hits you!
You die...

##########
#..÷P...P?
#.÷.....P.
#.P...P.PJ #####
#.JJPJ.÷.. #...#
#@JJ÷J÷...
#.#.###
#.JJPJ....
#......
##J#######
#...###
##......#####.#
########.##...#
#....'..#####.#
#....#######..#
#.......##....##
#.......##.....##


You could see 2 slime creatures, 2 jellies and 6 oozes.

Vanquished Creatures
  2 sky beasts (D:5)
  A black bear (D:6)
  4 ogres
  2 big kobolds (D:7)
  An elf zombie (Ossuary)
  2 bullfrogs (D:6)
  A scorpion (D:6)
  2 howler monkeys
  A centaur zombie (Ossuary)
  A hound (D:6)
  2 human zombies (Ossuary)
  An iguana (D:6)
  An orc wizard (D:3)
  5 worker ants
  A killer bee zombie (D:6)
  2 mummies (Ossuary)
  8 adders
  A white imp (D:6)
  An ufetubus (D:6)
  2 oozes
  An adder zombie (Ossuary)
  3 worms
  4 dart slugs
  3 leopard geckos
  2 orcs
  2 ball pythons
  4 giant cockroaches
  A goblin (D:1)
  7 hobgoblins
  5 jackals
  A quokka (D:7)
  6 bats
  5 frilled lizards
  10 hobgoblin zombies (Ossuary)
  3 jackal zombies (Ossuary)
  12 kobolds
  12 kobold zombies (Ossuary)
  3 leopard gecko zombies
  6 orc zombies (Ossuary)
  A quokka zombie (D:5)
  8 rats
  A rat zombie (Ossuary)
  A toadstool (D:7)
142 creatures vanquished.

Vanquished Creatures (others)
  6 toadstools (D:7)
  4 withered plants (D:6)
10 creatures vanquished.

Grand Total: 152 creatures vanquished

Notes
Turn   | Place    | Note
-------+----------+-------------------------------------------
     0 | D:1      | fasterman420 the Minotaur Fighter began the quest for the
                  | Orb.
     0 | D:1      | Reached XP level 1. HP: 19/19 MP: 0/0
   221 | D:1      | Reached XP level 2. HP: 25/27 MP: 1/1
   257 | D:1      | Reached skill level 3 in Axes
   602 | D:2      | Reached XP level 3. HP: 33/33 MP: 2/2
  1432 | D:2      | Reached XP level 4. HP: 40/40 MP: 3/3
  1493 | D:3      | Found a glowing golden altar of the Shining One.
  1615 | D:3      | Reached skill level 4 in Axes
  1632 | D:3      | Found a sacrificial altar of Ru.
  1882 | D:3      | Found a stormy altar of Qazlal.
  2485 | D:3      | Found a hazy altar of Hepliaklqana.
  2594 | D:4      | Reached skill level 5 in Axes
  2594 | D:4      | Reached XP level 5. HP: 41/46 MP: 4/4
  2621 | D:4      | Noticed an ogre
  2629 | D:4      | Killed an ogre
  2630 | D:4      | Reached skill level 6 in Axes
  2632 | D:4      | Found a glowing drain.
  2832 | D:4      | Found a sparkling altar of Nemelex Xobeh.
  2903 | D:4      | Reached XP level 6. HP: 52/52 MP: 5/5
  3014 | D:4      | Found a staircase to the Ecumenical Temple.
  3023 | Temple   | Entered the Ecumenical Temple
  3198 | Temple   | Became a worshipper of Makhleb the Destroyer
  3505 | D:5      | Entered Level 5 of the Dungeon
  3764 | D:5      | Noticed a sky beast
  3775 | D:5      | Killed a sky beast
  3776 | D:5      | Reached skill level 5 in Armour
  3799 | D:5      | Found a bloodstained altar of Trog.
  3829 | D:5      | Noticed a sky beast
  3839 | D:5      | Reached skill level 7 in Axes
  3840 | D:5      | Killed a sky beast
  3841 | D:5      | Reached XP level 7. HP: 35/60 MP: 6/6
  4007 | D:6      | Reached skill level 8 in Axes
  4019 | D:6      | Reached skill level 5 in Shields
  4065 | D:6      | Found a sand-covered staircase.
  4089 | Ossuary  | Entered an ossuary
  4117 | Ossuary  | Reached * piety under Makhleb
  4230 | Ossuary  | Reached XP level 8. HP: 38/67 MP: 7/7
  4238 | Ossuary  | Reached ** piety under Makhleb
  4249 | Ossuary  | Reached skill level 9 in Axes
  4734 | D:6      | Found an ancient bone altar of Kikubaaqudgha.
  4789 | D:6      | Got a crystal war axe
  4835 | D:6      | Reached skill level 5 in Fighting
  4835 | D:6      | Reached skill level 10 in Axes
  5195 | D:7      | Noticed a slime creature
  5195 | D:7      | Noticed a slime creature
  5201 | D:7      | Slain by a slime creature

Illustrated notes

Levels and vault maps discovered:
D:1:      ebering_trefoil_twist, layout_rooms
D:2:      layout_basic, minmay_parallelograms
D:3:      layout_loops_corners, grunt_qazlal_clouds, lemuel_doored_altar,
          lemuel_round_altar, nicolae_ru_great_annihilating_truth
D:4:      layout_cave_pools, lemuel_temple_firewalk_b, gup_sewer_entry_glass,
          nemelex_diamond_rough_becter
D:5:      layout_rooms, bloody_trog
D:6:      layout_layer_cave, kiku_gazebo_garden_becter,
          nicolae_ossuary_entry_monument, minmay_misc_feat_nine_boxes
D:7:      cheibrodos_fertilizer, layout_loops_cross, item_on_display_a,
          uniq_menkaure, uniq_crazy_yiuf_cottage
Temple:   eino_temple_rhombus

Skill      XL: |  1  2  3  4  5  6  7  8 |
---------------+-------------------------+-----
Armour         | 4 5 6 |  6.0
Axes           | 3 5 6 7 8 10 | 10.5
Fighting       | 4 5 |  5.1
Shields        | 4 5 |  5.9
Dodging        | |  0.8
Stealth        | |  0.9

Action                   |  1- 3 |  4- 6 |  7- 9 || total
-------------------------+-------+-------+-------++-------
Melee: War axe           |   101 |   108 |   166 ||   375
       Headbutt          |    13 |    14 |    40 ||    67
  Use: Scroll            |       |     4 |     7 ||    11
       Potion            |       |       |     4 ||     4
 Stab: Paralysed         |       |     2 |       ||     2
Armor: Plate armour      |    56 |    75 |   100 ||   231
       Scale mail        |     9 |       |       ||     9
Dodge: Dodged            |    11 |    18 |    42 ||    71
Block: Kite shield       |    56 |    56 |    87 ||   199
